 Dungeon Crawl Stone Soup version 0.31-a0-977-gc230f8ef24 (webtiles) character file.

Game seed: 16915958654903517091

513 Ofeo the Shooter (level 7, -7/52 HPs)
             Began as a Barachi Hexslinger on Oct 27, 2023.
             Was an Initiate of Ru.
             Mangled by an ogre
             ... wielding a +0 giant spiked club
              (18 damage)
             ... on level 5 of the Dungeon on Oct 29, 2023.
             The game lasted 00:08:31 (5130 turns).

Ofeo the Shooter (Barachi Hexslinger)               Turns: 5130, Time: 00:08:32

Health: -7/52      AC:  5    Str: 10    XL:     7   Next: 19%
Magic:  11/11      EV: 13    Int: 13    God:    Ru [......]
Gold:   165        SH:  0    Dex: 16    Spells: 7/12 levels left

rFire   . . .        a - +2 sling
rCold   . . .        (no shield)
rNeg    . . .        c - +0 robe
rPois   .            j - +2 helmet
rElec   .            (no cloak)
rCorr   .            (no gloves)
SInv    .            (no boots)
Will    .....        m - amulet of regeneration
Stlth   +            (no ring)
HPRegen 1.08/turn    (no ring)
MPRegen 0.12/turn

%: no passive effects
@: slow
A: amphibious, slowness 1, strong legs 1, +LOS
a: Hop, Renounce Religion


You were on level 5 of the Dungeon.
You worshipped Ru.
Ru was noncommittal.
You visited 1 branch of the dungeon, and saw 5 of its levels.

You collected 165 gold pieces.

Inventory:

Hand Weapons
 a - a +2 sling (weapon)
Armour
 c - a +0 robe (worn)
 j - a +2 helmet (worn)
Jewellery
 m - an amulet of regeneration (around neck)
Scrolls
 b - 2 scrolls of poison
 d - 2 scrolls of teleportation {@r3}
 f - 3 scrolls of amnesia
 i - a scroll of identify {@r1}
 o - a scroll of enchant armour {unknown}
Potions
 e - 3 potions of enlightenment
 g - a potion of might {unknown}
 h - a potion of cancellation {unknown}
 k - a potion of magic {unknown}
 l - 3 potions of lignification
 n - 2 potions of mutation {unknown}
 p - a potion of attraction {unknown}
 q - 4 potions of ambrosia {unknown}


   Skills:
 - Level 3.3 Fighting
 + Level 4.4 Ranged Weapons
 - Level 3.5 Dodging
 - Level 3.0 Spellcasting
 - Level 4.3 Hexes
 - Level 3.0 Fire Magic


You had 7 spell levels left.
You knew the following spells:

 Your Spells              Type           Power      Damage    Failure   Level
a - Jinxbite              Hex            26%        N/A       6%          2
b - Sigil of Binding      Hex            13%        N/A       12%         3

Your spell library contained the following spells:

 Spells                   Type           Power      Damage    Failure   Level
 Inner Flame              Hex/Fire       11%        N/A       16%         3
 Necrotise                Necr           4%         1d4       22%         1
 Cause Fear               Hex            6%         N/A       36%         4
 Vampiric Draining        Necr           1%         2d6       56%         3
 Dimensional Bullseye     Hex/Tloc       3%         N/A       67%         4
 Agony                    Necr           1%         N/A       99%         5


Dungeon Overview and Level Annotations

Branches:
Dungeon (5/15)
 Temple: D:4-7

Altars:
Ru
Sif Muna
The Shining One

Shops:
D:1 !   D:2 (


Innate Abilities, Weirdness & Mutations

You are amphibious.
You cover ground slowly.
You can hop short distances.
You have an extended range of vision and can be seen from far away.


Message History

Done exploring.
No target in view!
Done exploring.
No target in view!
Done exploring.
No target in view!
Done exploring.
Search for what [? for help]? .
Search for what [Enter for "."]? alt
There is a stone staircase leading down here.
You climb downwards.
There is a stone staircase leading up here.
An ogre comes into view. It is wielding a +0 giant spiked club.
An ogre is nearby!
An ogre is nearby!
You shoot a sling bullet. The sling bullet hits the ogre!
The ogre shouts!
The ogre is moderately wounded.
You aren't carrying any items that you can evoke.
Unknown command.
The ogre attacks as it pursues you!
The ogre hits you with a +0 giant spiked club!!
You take 23 damage, and have 29/52 hp.
MASSIVE DAMAGE!!
The ogre attacks as it pursues you! The ogre closely misses you.
You regained 2 hp, and now have 33/52 hp.
The ogre attacks as it pursues you!
The ogre hits you with a +0 giant spiked club!!
Ouch! That really hurt!
* * * LOW HITPOINT WARNING * * *
You take 28 damage, and have 5/52 hp.
MASSIVE DAMAGE!!
Okay, then.
Okay, then.
As you read the scroll of teleportation {@r3}, it crumbles to dust.
You feel strangely unstable. The ogre attacks as it pursues you!
The ogre completely misses you.
Your surroundings seem slightly different.
The ogre closely misses you.
You regained 2 hp, and now have 10/52 hp.
The ogre hits you with a +0 giant spiked club!!
You die...

### #.###.# #.. ....#.#
# #.###.#.#.#
#.#.#.#.#.#.#
####.#.#...#.#.#.#######
........................
###.#$#.###.#.#.#######
#.#.#O.ยง.<#.#
#...@.#.#.#.#
#.###.#.#.#.# #.
###.#.#.# # #.#.#.#
#.#.#.# #.#.#.# #.#.#
#.#.# ...


You could see an ogre.

Vanquished Creatures
  A sky beast (D:4)
  Jessica (D:2)
  An iguana (D:2)
  4 orc wizards
  Robin (D:3)
  8 gnolls
  5 adders
  4 worms
  5 dart slugs
  12 orcs
  6 ball pythons
  11 endoplasms
  4 giant cockroaches
  12 goblins
  7 hobgoblins
  6 quokkas
  2 bats
  4 frilled lizards
  3 kobolds
  26 rats
123 creatures vanquished.

Notes
Turn   | Place    | Note
-------+----------+-------------------------------------------
     0 | D:1      | Ofeo the Barachi Hexslinger began the quest for the Orb.
     0 | D:1      | Reached XP level 1. HP: 15/15 MP: 2/2
   101 | D:1      | Found Toumabocs's Distillery.
   131 | D:1      | Reached XP level 2. HP: 20/21 MP: 3/3
   409 | D:1      | Reached XP level 3. HP: 26/26 MP: 5/5
   579 | D:2      | Found a glowing golden altar of the Shining One.
   722 | D:2      | Noticed Jessica
   732 | D:2      | Killed Jessica
   733 | D:2      | Reached XP level 4. HP: 31/33 MP: 7/7
  1120 | D:1      | Learned a level 2 spell: Jinxbite
  1124 | D:1      | Learned a level 3 spell: Sigil of Binding
  1126 | D:2      | Found Xokkona's Antique Weapon Emporium.
  1189 | D:2      | Reached XP level 5. HP: 15/38 MP: 4/8
  2118 | D:3      | Noticed Robin
  2299 | D:3      | Killed Robin
  2300 | D:3      | Reached XP level 6. HP: 40/46 MP: 10/10
  2828 | D:3      | Found a sacrificial altar of Ru.
  3481 | D:3      | Became a worshipper of Ru the Awakened
  3528 | D:4      | Noticed a sky beast
  4464 | D:3      | Upgraded the game from 0.31-a0-968-g24f9ace8b5 to
                  | 0.31-a0-977-gc230f8ef24
  4526 | D:4      | Found a shimmering blue altar of Sif Muna.
  4634 | D:4      | Killed a sky beast
  4635 | D:4      | Reached XP level 7. HP: 18/52 MP: 11/11
  5109 | D:5      | Entered Level 5 of the Dungeon
  5130 | D:5      | Mangled by an ogre

Illustrated notes

Levels and vault maps discovered:
D:1:      erik_arrival_blinker_ship, layout_rooms, serial_shops,
          nicolae_shop_hallway_plus, hangedman_decor_push
D:2:      cheibrodos_helix_gallery, layout_loops_cross, serial_shops, shop,
          basic_altar, uniq_jessica
D:3:      layout_basic, mainiacjoe_overflow_alcove_1, st_stairs_10,
          minmay_rat_hole, uniq_robin
D:4:      layout_cave_pools, mainiacjoe_overflow_small_starburst
D:5:      layout_basic, minmay_misc_feat_pillars

Skill      XL: |  1  2  3  4  5  6 |
---------------+-------------------+-----
Spellcasting   | 2 3 |  3.0
Fighting       | 2 3 |  3.3
Fire Magic     | 2 3 |  3.0
Dodging        | 3 |  3.5
Hexes          | 4 |  4.3
Ranged Weapons | 3 4 |  4.4

Action                     |  1- 3 |  4- 6 |  7- 9 || total
---------------------------+-------+-------+-------++-------
  Melee: Sling             |       |     9 |       ||     9
   Fire: Sling             |    78 |   337 |    16 ||   431
   Cast: Jinxbite          |       |     4 |       ||     4
Ability: Hop               |       |     2 |       ||     2
    Use: Scroll            |     1 |     5 |     1 ||     7
 Armour: Robe              |    15 |   172 |     3 ||   190
  Dodge: Dodged            |    17 |   171 |     5 ||   193

Table legend: (Time is in decaauts)
 A = Elapsed time spent in this place.
 B = Non-inter-level travel time spent in this place.
 C = Inter-level travel time spent in this place.
 D = Time resting spent in this place.
 E = Time spent auto-exploring this place.
 F = Levels seen in this place.
 G = Mean time per level.
                   A        B        C        D        E       F      G
               +--------+--------+--------+--------+--------+-----+--------+
         Total |   5916 |   5336 |    580 |   1089 |   3283 |   5 | 1183.2 |
       Dungeon |   5916 |   5336 |    580 |   1089 |   3283 |   5 | 1183.2 |
               +--------+--------+--------+--------+--------+-----+--------+

Top non-repeatable levels by time:
     D:3: 2908 daAuts
     D:2: 1304 daAuts
     D:1: 893 daAuts
     D:4: 785 daAuts
     D:5: 24 daAuts
